 Dungeon Crawl Stone Soup version 0.29.1-1-gd02db6906a (webtiles) character file.

Game seed: 6200850024645145929

634 ImASeal the Trooper (level 7, 0/78 HPs)
             Began as a Troll Fighter on Oct 19, 2022.
             Was an Initiate of Gozag.
             Slain by a gnoll
             ... wielding a +0 spear
              (6 damage)
             ... on level 5 of the Dungeon.
             The game lasted 00:06:03 (3466 turns).

ImASeal the Trooper (Troll Fighter)                 Turns: 3466, Time: 00:06:05

Health: 0/78       AC:  4    Str: 27    XL:     7   Next: 24%
Magic:  6/6        EV:  8    Int:  4    God:    Gozag
Gold:   503        SH:  7    Dex:  9    Spells: 6/6 levels left

rFire   . . .      SeeInvis +   a - +0 war axe
rCold   . . .      Faith    .   c - +0 kite shield
rNeg    . . .      Spirit   .   b - +0 robe
rPois   .          Reflect  .   (helmet restricted)
rElec   .          Harm     .   (no cloak)
rCorr   .          Rampage  .   (gloves unavailable)
Will    .....                   (boots unavailable)
Stlth   +.........              (no amulet)
HPRegen 1.03/turn               k - ring of see invisible
MPRegen 0.10/turn               (no ring)

@: no status effects
A: large, unfitting armour, claws 3, regeneration 1, shaggy fur 1, tough skin 1
a: Renounce Religion, Potion Petition, Call Merchant, Bribe Branch


You were on level 5 of the Dungeon.
You worshipped Gozag.
Gozag was pleased with you.
You visited 1 branch of the dungeon, and saw 5 of its levels.

You collected 524 gold pieces.
You paid 21 gold pieces to Gozag.

Inventory:

Hand Weapons
 a - a +0 war axe (weapon)
Missiles
 m - 18 stones (quivered)
 p - 8 poisoned darts
 t - 4 javelins
Armour
 b - a +0 robe (worn)
 c - a +0 kite shield (worn)
Jewellery
 k - a ring of see invisible (left claw)
 q - a ring of positive energy
Wands
 w - a wand of light (4)
Scrolls
 e - a scroll of immolation {unknown}
 f - a scroll of vulnerability {unknown}
 g - 2 scrolls of fog {unknown}
 i - 8 scrolls of identify {unknown}
 j - a scroll of enchant armour {unknown}
 n - a scroll of silence {unknown}
 o - 2 scrolls of fear {unknown}
 s - a scroll of brand weapon {unknown}
 u - a scroll of teleportation {unknown}
 v - a scroll of magic mapping {unknown}
Potions
 d - 3 potions of might
 h - 2 potions of flight {unknown}
 l - a potion of degeneration {unknown}
 r - a potion of haste {unknown}


   Skills:
 + Level 7.1 Fighting
 - Level 1.5 Axes
 - Level 2.4 Dodging
 - Level 2.6 Shields


You had 6 spell levels left.
You didn't know any spells.
Your spell library contained the following spells:

 Spells                   Type           Power      Damage    Failure   Level
 Ozocubu's Armour         Ice            0%         N/A       99%         3
 Ozocubu's Refrigeration  Ice            0%         4d7       100%        7


Dungeon Overview and Level Annotations

Branches:
Dungeon (5/15)             Temple (0/1) D:5

Altars:
Dithmenos
Fedhas
Gozag


Innate Abilities, Weirdness & Mutations

You are too large for most types of armour.
You have claws for hands.
Your natural rate of healing is unusually fast.
You are covered in fur. (AC +1)
You have tough skin. (AC +1)


Message History

You block the gnoll's attack.
The gnoll hits you from afar with a +0 halberd.
The gnoll hits you from afar with a +0 spear.
The gnoll hits you with a +0 spear! The gnoll barely misses you.
The gnoll hits you with a +0 halberd. The gnoll hits you with a +0 spear!
You closely miss the gnoll.
The gnoll is moderately wounded.
You slash the gnoll! You barely miss the gnoll. You block the gnoll's attack.
The gnoll hits you with a +0 halberd! The gnoll hits you with a +0 spear.
You are too injured to fight recklessly!
You barely miss the gnoll. x2; You completely miss the gnoll.
The gnoll hits you with a +0 spear. The gnoll closely misses you.
You block the gnoll's attack. The gnoll barely misses you.
The gnoll hits you with a +0 spear.
* * * LOW HITPOINT WARNING * * *
The gnoll hits you with a +0 spear.
* * * LOW HITPOINT WARNING * * *
You slash the gnoll!
The gnoll is severely wounded.
You hit the gnoll. x2; The gnoll barely misses you.
You block the gnoll's attack. The gnoll hits you with a +0 spear.
* * * LOW HITPOINT WARNING * * *
The gnoll barely misses you. The gnoll hits you with a +0 spear.
* * * LOW HITPOINT WARNING * * *
The gnoll hits you but does no damage.
You barely miss the gnoll.
The gnoll is almost dead.
You hit the gnoll but do no damage. You hit the gnoll.
You kill the gnoll!
The gnoll hits you with a +0 halberd!
* * * LOW HITPOINT WARNING * * *
The gnoll closely misses you.
You closely miss the gnoll.
The gnoll is heavily wounded.
You hit the gnoll.
You kill the gnoll!
The gnoll hits you with a +0 spear.
You die...
Your body crumbles into a pile of gold.

.# # #.#.#..#........##
.# #.#......#######.##
.# #.#......# #.# .#
#........## #.# .#
###.......# #+## .#
#.#####.# #...## .#
#.#####.# ##.....## .#
#.##.##.###g$.....# ##
##.....#.##.@>......
[............>'.$.......
######.#...#.##$........
# #.#..##.###..!.<..#
#.......# ##>....##
###.##### #...## #.#
#+## #.#


You could see a gnoll.

Vanquished Creatures
  2 ogres (D:5)
  A black bear (D:4)
  A scorpion (D:4)
  A howler monkey (D:5)
  A gnoll bouda (D:2)
  9 gnolls
  4 adders
  A white imp (D:5)
  An ufetubus (D:5)
  2 dart slugs
  11 orcs
  8 endoplasms
  2 giant cockroaches (D:1)
  6 hobgoblins
  21 jackals
  A quokka (D:2)
  13 ball pythons
  8 bats
  6 goblins
  5 kobolds
  4 rats
108 creatures vanquished.

Vanquished Creatures (others)
  3 plants (D:3)
3 creatures vanquished.

Grand Total: 111 creatures vanquished

Notes
Turn   | Place    | Note
-------+----------+-------------------------------------------
     0 | D:1      | ImASeal the Troll Fighter began the quest for the Orb.
     0 | D:1      | Reached XP level 1. HP: 22/22 MP: 0/0
    65 | D:1      | Reached XP level 2. HP: 27/29 MP: 1/1
    68 | D:1      | Reached skill level 3 in Fighting
   315 | D:1      | Reached XP level 3. HP: 35/37 MP: 2/2
   958 | D:2      | Reached skill level 4 in Fighting
  1174 | D:2      | Found an opulent altar of Gozag.
  1187 | D:2      | Reached XP level 4. HP: 47/48 MP: 3/3
  1188 | D:2      | Became a worshipper of Gozag Ym Sagoz the Greedy
  1203 | D:2      | You fall into a shaft and drop 2 floors!
  1274 | D:4      | Noticed a scorpion
  1275 | D:4      | Found a blossoming altar of Fedhas.
  1297 | D:4      | Killed a scorpion
  1386 | D:3      | Reached XP level 5. HP: 55/55 MP: 4/4
  1388 | D:3      | Found a shadowy altar of Dithmenos.
  1512 | D:2      | Reached skill level 5 in Fighting
  2288 | D:3      | Found a faded altar of an unknown god.
  2422 | D:3      | Reached XP level 6. HP: 66/66 MP: 5/5
  2762 | D:4      | Reached skill level 6 in Fighting
  3075 | D:5      | Entered Level 5 of the Dungeon
  3282 | D:5      | Reached XP level 7. HP: 49/76 MP: 6/6
  3337 | D:5      | Found a staircase to the Ecumenical Temple.
  3370 | D:5      | Reached skill level 7 in Fighting
  3466 | D:5      | Slain by a gnoll

Illustrated notes

Levels and vault maps discovered:
D:1:      dpeg_arrival_simpleton_c, layout_basic
D:2:      layout_loops_corners, basic_altar, minmay_strange_pillars,
          grunt_decor_fettered, corner_web_ring, minmay_misc_feat_roman,
          minmay_tromino_v2
D:3:      layout_loops_ring, nicolae_dithmenos_through_a_glass_darkly,
          shapermc_ecumenical_altar_mp_highgroup,
          nicolae_concentric_dashed_squares_mild, nrook_uturn,
          minmay_shallow_snake_nest
D:4:      lemuel_castle_with_subvaults [lemuel_castle_interior_original],
          layout_basic, mainiacjoe_overflow_boulevard, minmay_misc_feat_rugged,
          minmay_misc_feat_tiny, grunt_ministairs_2, uniq_crazy_yiuf_cottage
D:5:      layout_loops_corners, lemuel_zombie_altar_kikubaaqudgha,
          minmay_temple_entry_poolview

Skill      XL: |  1  2  3  4  5  6  7 |
---------------+----------------------+-----
Fighting       | 3 4 5 6 7 |  7.1
Axes           | |  1.5
Dodging        | |  2.4
Shields        | |  2.6

Action                   |  1- 3 |  4- 6 |  7- 9 || total
-------------------------+-------+-------+-------++-------
Melee: War axe           |   158 |   187 |    11 ||   356
 Stab: Distracted        |       |     1 |       ||     1
Armor: Robe              |    82 |    81 |     2 ||   165
Dodge: Dodged            |    79 |   105 |    12 ||   196
Block: Kite shield       |    86 |    96 |     4 ||   186
